 Dungeon Crawl Stone Soup version 0.27-a0-520-gb83adbd1c9 (webtiles) character file.

Game seed: 6624499092258267268

28 Morbidden the Sneak (level 3, 27/27 HPs)
             Began as a Demonspawn Brigand on Mar 4, 2021.
             Quit the game on level 1 of the Dungeon.
             The game lasted 00:01:17 (1003 turns).

Morbidden the Sneak (Demonspawn Brigand)            Turns: 1003, Time: 00:01:17

Health: 27/27      AC:  5    Str: 11    XL:     3   Next: 0%
Magic:  3/3        EV: 12    Int: 13    God:
Gold:   15         SH:  0    Dex: 14    Spells: 2/2 levels left

rFire    . . .     SeeInvis .   a - +2 dagger
rCold    . . .     Faith    .   (no shield)
rNeg     . . .     Spirit   .   b - +0 robe
rPois    .         Reflect  .   (helmet restricted)
rElec    .         Harm     .   c - +0 cloak
rCorr    .         Rampage  .   (no gloves)
Will     .....                  (no boots)
Stlth    +++.......             (no amulet)
HPRegen  0.09/turn              (no ring)
MPRegen  0.08/turn              (no ring)

@: no status effects
A: antennae 1, slimy green scales 1
a: no special abilities


You were on level 1 of the Dungeon.
You visited 1 branch of the dungeon, and saw 1 of its levels.

You collected 15 gold pieces.

Inventory:

Hand Weapons
 a - a +2 dagger (weapon)
Missiles
 d - 10 poisoned darts (quivered)
 e - 2 curare-tipped darts
 k - 2 javelins
Armour
 b - a +0 robe (worn)
 c - a +0 cloak (worn)
Scrolls
 f - a scroll of teleportation {unknown}
 h - 2 scrolls of identify {unknown}
 i - a scroll of magic mapping {unknown}
Potions
 g - 2 potions of curing {unknown}
 j - a potion of flight {unknown}


   Skills:
 * Level 2.2 Fighting
 + Level 1.9 Short Blades
 + Level 1.9 Throwing
 + Level 1.1 Dodging
 + Level 4.3 Stealth


You had 2 spell levels left.
You didn't know any spells.
Your spell library was empty.

Dungeon Overview and Level Annotations

Branches:
Dungeon (1/15)

Altars:


Innate Abilities, Weirdness & Mutations

You have a pair of small antennae on your head.
You are partially covered in slimy green scales. (AC +2)


Message History

Found a mace.
Key pressed, stopping explore.
No target in view!
Key pressed, stopping explore.
No target in view!
No target in view!
No target in view!
No target in view!
A frilled lizard comes into view.
A frilled lizard is nearby!
A frilled lizard is nearby!
Found 15 gold pieces.
Found 6 gold pieces.
The helpless frilled lizard fails to defend itself.
You puncture the frilled lizard!
You kill the frilled lizard!
No target in view!
A bat comes into view.
A bat is nearby!
A goblin comes into view. It is wielding a +0 club.
Found a scroll labelled LUVVEATZID.
The bat hits you but does no damage.
Found a clear potion.
The bat barely misses you.
You hit the bat.
You kill the bat!
You barely miss the goblin. The goblin misses you.
You hit the goblin.
You kill the goblin!
You have reached level 3!
Your experience leads to an increase in your attributes!
Increase (S)trength, (I)ntelligence, or (D)exterity?
You feel clever.
Your demonic ancestry asserts itself...
A pair of antennae grows on your head!
Unknown command.
Are you sure you want to abandon this character and quit the game? (Confirm with "yes".)
Okay, then.
Unknown command.
Unknown command.
Are you sure you want to abandon this character and quit the game? (Confirm with "yes".)

.#### .....
... .##..
#.# ## ... #
## #.# #
#!.... #
##.#.##.# #
#...†?#.#
##.#@##$#
####..)..#.#
....#.#.##.#
####
###......#.#
...#
###.#.##.#
##..##
#.$....†#
.##....
##.#.#..#
..#.# .
###.##.#
.##.# #
#....#


There were no monsters in sight!

Vanquished Creatures
  A leopard gecko (D:1)
  2 bats (D:1)
  A giant cockroach (D:1)
  A hobgoblin (D:1)
  4 jackals (D:1)
  3 kobolds (D:1)
  4 frilled lizards (D:1)
  4 goblins (D:1)
  8 rats (D:1)
28 creatures vanquished.

Notes
Turn   | Place    | Note
-------+----------+-------------------------------------------
     0 | D:1      | Morbidden the Demonspawn Brigand began the quest for the
                  | Orb.
     0 | D:1      | Reached XP level 1. HP: 16/16 MP: 1/1
   350 | D:1      | Reached skill level 1 in Dodging
   384 | D:1      | Reached skill level 4 in Stealth
   387 | D:1      | Gained mutation: You are partially covered in slimy green
                  | scales. (AC +2) [demonic ancestry]
   387 | D:1      | Reached XP level 2. HP: 22/22 MP: 2/2
  1003 | D:1      | Gained mutation: You have a pair of small antennae on your
                  | head. [demonic ancestry]
  1003 | D:1      | Reached XP level 3. HP: 27/27 MP: 3/3
  1003 | D:1      | Quit the game

Illustrated notes

Levels and vault maps discovered:
D:1:      dpeg_arrival_rooms_with_view, layout_loops_ring, st_stairs_13,
          hangedman_decor_diamond_cutter, minmay_ruptured

Skill      XL: |  1 |
---------------+----+-----
Dodging        | 1 |  1.1
Stealth        | 4 |  4.3
Fighting       | |  2.2
Short Blades   | |  1.9
Throwing       | |  1.9

Action                   || total
-------------------------++-------
Melee: Dagger            ||    88
Throw: Dart              ||     7
 Stab: Sleeping          ||     2
Armor: Robe              ||    36
Dodge: Dodged            ||    63

Table legend: (Time is in decaauts)
 A = Elapsed time spent in this place.
 B = Non-inter-level travel time spent in this place.
 C = Inter-level travel time spent in this place.
 D = Time resting spent in this place.
 E = Time spent auto-exploring this place.
 F = Levels seen in this place.
 G = Mean time per level.
                   A        B        C        D        E       F      G
               +--------+--------+--------+--------+--------+-----+--------+
         Total |    994 |    994 |      0 |      0 |    804 |   1 |  994.0 |
       Dungeon |    994 |    994 |      0 |      0 |    804 |   1 |  994.0 |
               +--------+--------+--------+--------+--------+-----+--------+

Top non-repeatable levels by time:
     D:1: 994 daAuts
